 Dungeon Crawl Stone Soup version 0.24.0-37-gcf1ca852f1 (webtiles) character file.

Game seed: 827164211954369731, levelgen mode: deterministic

2158 theswoord the Cleaver (level 9, 0/63 HPs)
             Began as a Demonspawn Fighter on Nov 26, 2019.
             Was a Follower of Kikubaaqudgha.
             Slain by an orc wizard
             ... wielding a +0 spear
              (1 damage)
             ... on level 6 of the Dungeon.
             The game lasted 00:10:31 (5916 turns).

theswoord the Cleaver (Demonspawn Fighter)          Turns: 5916, Time: 00:10:32

Health: 0/63       AC:  9    Str: 16    XL:     9   Next: 10%
Magic:  0/9        EV:  9    Int: 14    God:    Kikubaaqudgha [*.....]
Gold:   261        SH:  0    Dex: 16    Spells: 8/8 levels left

rFire    . . .     SeeInvis .   t - +3 hand axe (chop)
rCold    . . .     Gourm    .   (no shield)
rNeg     . . .     Faith    .   b - +0 scale mail
rPois    .         Spirit   +   (helmet restricted)
rElec    .         Reflect  .   (no cloak)
rCorr    .         Harm     .   p - +1 pair of gloves
MR       .....                  l - +0 pair of boots
Stlth    ..........             (no amulet)
HPRegen  0.20/turn              u - +4 ring of intelligence
MPRegen  0.11/turn              (no ring)

@: no status effects
A: antennae 1, powered by death 1, magic shield
a: Receive Corpses, Renounce Religion


You were on level 6 of the Dungeon.
You worshipped Kikubaaqudgha.
Kikubaaqudgha was aware of your devotion.
You were not hungry.

You visited 1 branch of the dungeon, and saw 6 of its levels.

You collected 261 gold pieces.

Inventory:

Hand Weapons
 a - a +0 war axe
 t - a +3 hand axe of chopping (weapon)
Armour
 b - a +0 scale mail (worn)
 c - a +0 shield
 l - a +0 pair of boots (worn)
 p - a +1 pair of gloves (worn)
Jewellery
 u - a +4 ring of intelligence (left hand)
Scrolls
 e - 5 scrolls of immolation
 g - 2 scrolls of noise {unknown}
 i - a scroll of teleportation
 j - 4 scrolls of enchant armour
 o - a scroll of enchant weapon
 q - 3 scrolls of remove curse
 r - 4 scrolls of identify
Potions
 h - a potion of mutation
 s - a potion of resistance
 v - a potion of lignification
Comestibles
 d - 6 chunks of flesh
 f - 7 rations


   Skills:
 - Level 3.0 Fighting
 + Level 11.1 Axes
 - Level 2.6 Armour
 - Level 2.6 Shields


You had 8 spell levels left.
You didn't know any spells.
Your spell library contained the following spells:

 Spells                   Type           Power        Failure   Level  Hunger
 Confusing Touch          Hex            #.....       71%         1    ##.....
 Confuse                  Hex            #.......     97%         3    ####...
 Gell's Gravitas          Tloc           #.........   97%         3    ####...
 Petrify                  Tmut/Erth      #.......     100%        4    #####..
 Metabolic Englaciation   Hex/Ice        #.........   100%        5    ######.
 Yara's Violent Unravell  Hex/Tmut       #.........   100%        5    ######.


Dungeon Overview and Level Annotations

Branches:
Dungeon (6/15)
 Temple: D:4-7

Altars:
Fedhas
Kikubaaqudgha
Ru
Trog
Vehumet
Xom

Shops:
D:4 !


Innate Abilities, Weirdness & Mutations

You have a pair of small antennae on your head.
You regenerate a little health from kills.
When hurt, damage is shared between your health and your magic reserves.


Message History

The orc wizard casts a spell.
The orc wizard flickers and vanishes!
Deactivating autopickup; reactivate with Ctrl-A.
You hit the orc warrior.
The orc warrior is almost dead.
Something hits you but does no damage.
The orc warrior hits you with a +0 war axe!
* * * LOW HITPOINT WARNING * * *
Something hits you but does no damage.
You barely miss the orc warrior.
The orc warrior is almost dead.
Something hits you.
* * * LOW HITPOINT WARNING * * *
You hit the orc warrior but do no damage.
The orc warrior is almost dead.
The orc warrior hits you with a +0 war axe!
* * * LOW HITPOINT WARNING * * *
Something hits you.
You die...
Kikubaaqudgha rasps: "You have failed me!
Welcome... death!"

#.########
########.##.....##
#...o..o>.(รท....'.
###.#######.....##
#o# #.....# #Z#
#.....# #{# #.....#
###{# #r.r..# #@oZ#
#.....# #####
#..5.5# #.....#
#.....#


You could see an orc warrior and a worker ant zombie.

Vanquished Creatures
  The ghost of Ratty the Thaumaturge, a novice DENe of Ashenzari (D:5)
  Prince Ribbit (D:5)
  Sigmund (D:5)
  Eustachio (D:6)
  3 ogres (D:5)
  2 centaurs
  A bullfrog (D:4)
  A wyvern skeleton (D:5)
  A scorpion (D:4)
  3 jellies
  A crimson imp (D:6)
  A quasit (D:5)
  A centaur zombie (D:5)
  3 bullfrog skeletons
  An orc priest (D:4)
  2 orc wizards
  A centaur skeleton (D:5)
  4 worker ants (D:5)
  7 gnolls (D:4)
  5 adders
  A shadow imp (D:5)
  2 oozes (D:2)
  An adder skeleton (D:4)
  3 worms
  2 dart slugs
  4 leopard geckos
  29 orcs
  2 ball pythons
  3 giant cockroaches
  12 goblins
  6 hobgoblins
  16 jackals
  7 kobolds
  11 bats
  4 frilled lizards
  A leopard gecko zombie (D:5)
  A quokka skeleton (D:6)
  6 rats
152 creatures vanquished.

Notes
Turn   | Place    | Note
-------+----------+-------------------------------------------
     0 | D:1      | theswoord the Demonspawn Fighter began the quest for the
                  | Orb.
     0 | D:1      | Reached XP level 1. HP: 18/18 MP: 1/1
    20 | D:1      | Reached skill level 2 in Axes
    24 | D:1      | Gained mutation: You have a pair of small antennae on your
                  | head. [demonic ancestry]
    24 | D:1      | Reached XP level 2. HP: 16/24 MP: 2/2
   196 | D:1      | Reached skill level 3 in Axes
   295 | D:1      | Reached XP level 3. HP: 19/29 MP: 3/3
   851 | D:2      | Reached skill level 4 in Axes
   851 | D:2      | Gained mutation: When hurt, damage is shared between your
                  | health and your magic reserves. [demonic ancestry]
   851 | D:2      | Reached XP level 4. HP: 32/35 MP: 4/4
  1493 | D:3      | Reached XP level 5. HP: 41/41 MP: 5/5
  1555 | D:3      | Reached skill level 5 in Axes
  1650 | D:3      | Found a shimmering altar of Xom.
  1935 | D:3      | Found a faded altar of an unknown god.
  2730 | D:4      | Reached skill level 6 in Axes
  2730 | D:4      | Reached XP level 6. HP: 16/47 MP: 2/6
  3164 | D:4      | Found Dobopol's Distillery.
  3324 | D:4      | Found an ancient bone altar of Kikubaaqudgha.
  3447 | D:4      | Became a worshipper of Kikubaaqudgha
  3482 | D:5      | Entered Level 5 of the Dungeon
  3487 | D:5      | Reached skill level 7 in Axes
  3487 | D:5      | Reached XP level 7. HP: 37/52 MP: 4/7
  3569 | D:5      | Noticed Sigmund
  3583 | D:5      | HP: 2/52 [something (2)]
  3585 | D:5      | Killed Sigmund
  3585 | D:5      | Reached skill level 8 in Axes
  4026 | D:5      | Found a large runed translucent door.
  4026 | D:5      | Found a large runed translucent door.
  4026 | D:5      | Noticed Ratty's ghost (novice DENe)
  4052 | D:5      | Found a sacrificial altar of Ru.
  4053 | D:5      | Found a blossoming altar of Fedhas.
  4054 | D:5      | Found a radiant altar of Vehumet.
  4186 | D:5      | Gained mutation: You regenerate a little health from kills.
                  | [demonic ancestry]
  4186 | D:5      | Reached XP level 8. HP: 23/58 MP: 3/8
  4195 | D:5      | Reached skill level 9 in Axes
  4496 | D:5      | Found a bloodstained altar of Trog.
  4648 | D:5      | Killed Ratty's ghost
  4648 | D:5      | Reached skill level 10 in Axes
  4869 | D:6      | Noticed Eustachio
  5038 | D:6      | Noticed Prince Ribbit
  5064 | D:5      | HP: 1/58 [Prince Ribbit (13)]
  5546 | D:6      | Reached * piety under Kikubaaqudgha
  5546 | D:6      | Identified Kikubaaqudgha's Volume of Sinister Arts
                  | (Kikubaaqudgha gifted it to you on level 6 of the Dungeon)
  5546 | D:6      | Received a gift from Kikubaaqudgha
  5674 | D:5      | Killed Prince Ribbit
  5674 | D:5      | Reached XP level 9. HP: 26/63 MP: 6/9
  5856 | D:6      | Killed Eustachio
  5856 | D:6      | Reached skill level 11 in Axes
  5916 | D:6      | HP: 1/63 [orc warrior/+0 war axe (11)]
  5916 | D:6      | Slain by an orc wizard

Skill      XL: |  1  2  3  4  5  6  7  8  9 |
---------------+----------------------------+-----
Axes           | 2 3 4 6 7 8 10 11 | 11.1
Fighting       | |  3.0
Armour         | |  2.6
Shields        | |  2.6

Action                   |  1- 3 |  4- 6 |  7- 9 || total
-------------------------+-------+-------+-------++-------
Melee: War axe           |   103 |    56 |       ||   159
       Hand axe          |       |   126 |   212 ||   338
  Use: Scroll            |       |    10 |     2 ||    12
       Potion            |       |     2 |     5 ||     7
  Eat: Chunk             |       |     8 |     5 ||    13
       Ration            |       |       |     1 ||     1
Armor: Scale mail        |    63 |    91 |    76 ||   230
Dodge: Dodged            |    68 |    82 |   105 ||   255

Levels and vault maps discovered:
D:1:      ncdulo_watergridlock, layout_rooms
D:2:      layout_rooms, first_ration
D:3:      layout_loops_corners, old_standard_altar,
          chequers_ecumenical_altar_lobes
D:4:      layout_rooms, lemuel_coloured_pillars_altar, serial_shops,
          nicolae_shop_window_shopping
D:5:      layout_loops_ring, gammafunk_temple_overflow_claw, bloody_trog,
          ebering_ghost_disaster_area, minmay_misc_feat_x, uniq_sigmund
D:6:      layout_basic, minmay_temple_entry_poolview, basic_altar,
          uniq_prince_ribbit1, uniq_eustachio
